 Dungeon Crawl Stone Soup version 0.30-a0-718-geaa24f58ff (console) character file.

Game seed: 18143279800856205459

359 Ignak the Ogre Mage (level 6, 0/59 HPs)
             Began as an Ogre Hedge Wizard on Jan 25, 2023.
             Succumbed to a gnoll's poison
             ... on level 3 of the Dungeon.
             The game lasted 00:09:25 (3018 turns).

Ignak the Ogre Mage (Ogre Hedge Wizard)             Turns: 3018, Time: 00:09:25

Health: 0/59       AC:  3    Str: 15    XL:     6   Next: 65%
Magic:  4/12       EV:  9    Int: 17    God:
Gold:   101        SH:  0    Dex:  6    Spells: 5/13 levels left

rFire   + . .      SeeInvis .    h - +0 mace
rCold   . . .      Faith    .    (no shield)
rNeg    + . .      Spirit   .    f - +0 robe {rF+}
rPois   .          Reflect  .    c - +0 hat
rElec   .          Harm     .    (no cloak)
rCorr   .          Rampage  .    (gloves unavailable)
Will    .....                    (boots unavailable)
Stlth   +                        d - amulet of the acrobat
HPRegen 0.29/turn                a - ring of positive energy
MPRegen 0.13/turn                (no ring)

@: lethally poisoned (0 -> -3)
A: large, unfitting armour, tough skin 1, hooves 1, clumsy 1
a: no special abilities


You were on level 3 of the Dungeon.
You visited 1 branch of the dungeon, and saw 3 of its levels.

You collected 101 gold pieces.

Inventory:

Hand Weapons
 h - a +0 mace (weapon)
Armour
 c - a +0 hat (worn)
 f - a +0 robe of fire resistance (worn)
Jewellery
 a - a ring of positive energy (left hand)
 d - an amulet of the acrobat (around neck)
Wands
 i - a wand of flame (13)
Scrolls
 b - 2 scrolls of fear {unknown}
 g - a scroll of amnesia {unknown}
 k - a scroll of fog {unknown}
 l - a scroll of enchant weapon {unknown}
 q - a scroll of vulnerability {unknown}
Potions
 o - a potion of ambrosia {unknown}
 p - a potion of heal wounds {unknown}


   Skills:
 + Level 2.6 Fighting
 + Level 1.2 Maces & Flails
 + Level 1.0 Armour
 + Level 2.5 Dodging
 - Level 1.4 Stealth
 - Level 1.0 Unarmed Combat
 + Level 4.3 Spellcasting
 + Level 1.9 Conjurations
 - Level 1.2 Summonings
 + Level 2.0 Translocations
 + Level 1.3 Air Magic
 * Level 2.0 Poison Magic


You had 5 spell levels left.
You knew the following spells:

 Your Spells              Type           Power      Damage    Failure   Level
a - Magic Dart            Conj           40%        1d5       7%          1
b - Blink                 Tloc           20%        N/A       10%         2
d - Mephitic Cloud        Conj/Pois/Air  9%         N/A       22%         3
e - Call Imp              Summ           8%         N/A       14%         2

Your spell library contained the following spells:

 Spells                   Type           Power      Damage    Failure   Level
 Sting                    Tmut/Pois      28%        1d4       10%         1
 Poisonous Vapours        Pois/Air       18%        N/A       12%         2
 Cigotuvi's Dreadful Rot  Necr/Pois/Air  14%        N/A       14%         2
 Slow                     Hex            12%        N/A       16%         1
 Confusing Touch          Hex            3%         N/A       41%         3
 Tukima's Dance           Hex            3%         N/A       41%         3
 Vampiric Draining        Necr           3%         2d6       41%         3
 Olgreb's Toxic Radiance  Pois           10%        N/A       54%         4
 Passage of Golubria      Tloc           10%        N/A       54%         4
 Yara's Violent Unravell  Hex/Tmut       1%         3d3       99%         5


Dungeon Overview and Level Annotations

Branches:
Dungeon (3/15)

Altars:
Ashenzari
Fedhas
Ru

Annotations:
D:3 exclusion: oklob plant, Regoshi's ghost, amateur VSBr


Innate Abilities, Weirdness & Mutations

You are too large for most types of armour.
You have tough skin. (AC +1)
You have large cloven feet.
You are clumsy. (Dex -2)


Message History

r - Retreat! s - Stop attacking. g - Guard the area. f - Follow me.
Anything else - Cancel.
Gang up on whom?
Press: ? - help, Dir - move target, f - gnoll
Aim: a gnoll, wielding a +0 spear Attack!
You feel stable enough to blink again.
* * * LOW HITPOINT WARNING * * *
You feel very sick.
It was a potion of brilliance.
You feel clever all of a sudden.
* * * LOW HITPOINT WARNING * * *
You feel sick.
The gnoll hits your iron imp but does no damage.
It was a potion of resistance.
You feel protected.
* * * LOW HITPOINT WARNING * * *
You feel sick.
Your iron imp hits the gnoll!
The gnoll hits your iron imp but does no damage.
* * * LOW HITPOINT WARNING * * *
You feel sick.
Regoshi's ghost turns its malevolent gaze towards you.
The gnoll hits your iron imp with a +0 spear.
Your iron imp barely misses the gnoll.
Things that are here:
a +0 whip; 4 boomerangs It was a potion of cancellation.
Your magical effects are unravelling.
You feel magically purged.
You feel a little less clever now.
Your resistance to elements expires.
* * * LOW HITPOINT WARNING * * *
You feel sick.
The gnoll hits your iron imp with a +0 spear.
Your iron imp hits the gnoll!
The gnoll dies!
Your Translocations skill increases to level 2!
It was a potion of mutation.
You feel extremely strange.
You feel clumsy.
Your feet thicken and deform.
You die...

.# # #####.###...#≈≈.# # ..
..........###≈≈.# # #
##'######.#8.≈≈.#.#
.#...#8..#.⌠.#.##.≈≈.#.#####
g'..:#⌠©.....'..#.~~.......#
g#.gW#8..#.⌠.#.##.≈≈.#.###.#
.######'######)#8.≈≈.#.# #.#
...........W)5)###≈≈...# #.#
!###.#####)###))@#≈≈.### #.##
.#.###.©.###.#.#.#≈≈.#####..#####
##...........#####≈≈.##..........
≈≈≈≈≈≈≈~≈≈≈≈≈≈≈≈≈≈≈≈......#.####.
≈≈≈≈≈≈≈~≈≈≈≈≈≈≈≈≈≈≈≈..#>#)#.#
.)...................##.#.#.#
#####.#########..######.#.#.# #
#.# #.## #.#.#†# # #.# #.#
#.#.#.#


You could see Regoshi's ghost (ally target) and a friendly iron imp (summoned).

Vanquished Creatures
  6 gnolls (D:3)
  An adder (D:3)
  An ufetubus (D:2)
  A worm (D:3)
  A dart slug (D:1)
  2 orcs (D:3)
  4 ball pythons
  4 bats
  2 endoplasms
  A giant cockroach (D:1)
  A goblin (D:3)
  5 hobgoblins
  2 jackals (D:2)
  5 kobolds
  A frilled lizard (D:2)
  8 rats
45 creatures vanquished.

Vanquished Creatures (collateral kills)
  Sigmund (D:2)
  2 gnolls (D:3)
  5 adders
  An orc (D:3)
  4 endoplasms
  A giant cockroach (D:2)
  A goblin (D:3)
  A bat (D:3)
16 creatures vanquished.

Vanquished Creatures (others)
  8 fungi (D:3)
  37 plants (D:3)
45 creatures vanquished.

Grand Total: 106 creatures vanquished

Notes
Turn   | Place    | Note
-------+----------+-------------------------------------------
     0 | D:1      | Ignak the Ogre Hedge Wizard began the quest for the Orb.
     0 | D:1      | Reached XP level 1. HP: 16/16 MP: 5/5
   120 | D:1      | Reached skill level 1 in Translocations
   133 | D:1      | Reached skill level 1 in Conjurations
   133 | D:1      | Reached skill level 1 in Summonings
   137 | D:1      | Reached XP level 2. HP: 16/26 MP: 6/6
   153 | D:1      | Reached skill level 1 in Fighting
   178 | D:1      | Learned a level 2 spell: Blink
   181 | D:1      | Learned a level 2 spell: Call Imp
   921 | D:2      | Reached XP level 3. HP: 33/33 MP: 5/8
  1426 | D:2      | Found a broken altar of Ashenzari.
  1443 | D:2      | Noticed Sigmund
  1467 | D:2      | Learned a level 3 spell: Mephitic Cloud
  1655 | D:2      | Reached XP level 4. HP: 42/42 MP: 4/9
  1661 | D:2      | Killed Sigmund
  1662 | D:2      | Reached skill level 1 in Unarmed Combat
  1662 | D:2      | Reached skill level 4 in Spellcasting
  1662 | D:2      | Reached skill level 1 in Air Magic
  1662 | D:2      | Reached skill level 1 in Poison Magic
  1662 | D:2      | Reached XP level 5. HP: 18/50 MP: 5/11
  1678 | D:2      | Reached XP level 6. HP: 17/58 MP: 3/12
  1837 | D:2      | Reached skill level 1 in Maces & Flails
  1838 | D:2      | Found a faded altar of an unknown god.
  2397 | D:3      | Found a blossoming altar of Fedhas.
  2409 | D:3      | Noticed an oklob plant
  2616 | D:3      | Found a sacrificial altar of Ru.
  2818 | D:3      | Noticed Regoshi's ghost (amateur VSBr)
  2898 | D:3      | Found a transporter.
  3012 | D:3      | Reached skill level 1 in Armour
  3015 | D:3      | HP: 2/59 [poisoned by a gnoll]
  3018 | D:3      | Gained mutation: You are clumsy. (Dex -2) [potion of
                  | mutation]
  3018 | D:3      | Gained mutation: You have large cloven feet. [potion of
                  | mutation]
  3018 | D:3      | Succumbed to a gnoll's poison

Illustrated notes

Levels and vault maps discovered:
D:1:      nagdon_arrival_zigzag_paths, layout_loops_ring
D:2:      layout_rooms, basic_altar, hellmonk_ecumenical_altar_blasted,
          uniq_sigmund
D:3:      layout_loops_ring, tgw_fedhas, mainiacjoe_overflow_alcove_1,
          gammafunk_ghost_gnarly_gnolls, grunt_ministairs_5

Skill      XL: |  1  2  3  4  5  6 |
---------------+-------------------+-----
Translocations | 1 2 |  2.0
Conjurations   | 1 |  1.9
Summonings     | 1 |  1.2
Fighting       | 1 2 |  2.6
Dodging        | 2 |  2.5
Unarmed Combat | 1 |  1.0
Spellcasting   | 4 |  4.3
Air Magic      | 1 |  1.3
Poison Magic   | 1 2 |  2.0
Maces & Flails | 1 |  1.2
Armour         | 1 |  1.0
Stealth        | |  1.4

Action                     |  1- 3 |  4- 6 || total
---------------------------+-------+-------++-------
  Melee: Dagger            |    44 |       ||    44
         Club              |    52 |       ||    52
         Mace              |    19 |   159 ||   178
         Punch             |     1 |     3 ||     4
   Cast: Magic Dart        |     5 |     1 ||     6
         Call Imp          |    11 |    10 ||    21
         Blink             |     1 |     2 ||     3
         Mephitic Cloud    |     1 |     4 ||     5
  Evoke: Wand              |       |     5 ||     5
    Use: Potion            |     2 |     4 ||     6
   Stab: Sleeping          |     1 |     1 ||     2
         Confused          |       |     1 ||     1
 Armour: Robe              |    44 |    27 ||    71
  Dodge: Dodged            |    80 |    70 ||   150

Table legend: (Time is in decaauts)
 A = Elapsed time spent in this place.
 B = Non-inter-level travel time spent in this place.
 C = Inter-level travel time spent in this place.
 D = Time resting spent in this place.
 E = Time spent auto-exploring this place.
 F = Levels seen in this place.
 G = Mean time per level.
                   A        B        C        D        E       F      G
               +--------+--------+--------+--------+--------+-----+--------+
         Total |   3098 |   3038 |     60 |    271 |   1585 |   3 | 1032.7 |
       Dungeon |   3098 |   3038 |     60 |    271 |   1585 |   3 | 1032.7 |
               +--------+--------+--------+--------+--------+-----+--------+

Top non-repeatable levels by time:
     D:3: 1155 daAuts
     D:2: 1032 daAuts
     D:1: 911 daAuts
